[Event "Late-Titled-Tuesday-Blitz-December-26-2023"]
[Site "Chess.com"]
[Date "2023.12.26"]
[Round "2"]
[White "thesupera12"]
[Black "morte-negra"]
[Result "1-0"]
[WhiteElo "2406"]
[BlackElo "1997"]
[TimeControl "180+1"]
[EndTime "14:17:06 PST"]
[Termination "thesupera12 won by resignation"]

1. d4 Nf6 2. Bg5 e6 3. Nf3 c5 4. e3 Be7 5. c4 b6 6. Nc3 O-O 7. Be2 Bb7 8. O-O d5 9. Rc1 Nbd7 10. cxd5 exd5 11. dxc5 bxc5 12. Qb3 Rb8 13. Rfd1 Ba8 14. Qc2 h6 15. Bf4 Rc8 16. Ba6 Rc6 17. Bb5 Rc8 18.
h3 Qb6 19. Bxd7 Nxd7 20. Nxd5 Bxd5 21. Rxd5 Nf6 22. Rdd1 Rfe8 23. b3 Bf8 24. Ne5 Qe6 25. Qc4 Qf5 26. Qxf7+ Kh7 27. Ng4 Re7 28. Nxf6+ Qxf6 29. Qxf6 gxf6 30. Bd6 Rf7 31. Bxf8 Rfxf8 32. Rd5 f5 33.
Rdxc5 Rxc5 34. Rxc5 f4 35. Rc7+ Kg6 36. Rxa7 fxe3 37. fxe3 1-0

[Event "Late-Titled-Tuesday-Blitz-December-26-2023"]
[Site "Chess.com"]
[Date "2023.12.26"]
[Round "2"]
[White "Mikhail_Golubev"]
[Black "Hikaru"]
[Result "0-1"]
[WhiteElo "2632"]
[BlackElo "3231"]
[TimeControl "180+1"]
[EndTime "14:17:07 PST"]
[Termination "Hikaru won on time"]

1. e4 g6 2. d4 Bg7 3. c3 d6 4.
Bg5 Nf6 5. Nd2 e5 6. dxe5 dxe5 7. Ngf3 Qe7 8. Be2 h6 9. Bh4 O-O 10. O-O b6 11. Qc2 Bb7 12. Rfe1 Nbd7 13. b4 a5 14. a3 Rfc8 15. Bc4 c5 16. b5 g5 17. Bg3 Ne8 18. a4 Nd6 19. Rad1 Nf8 20. Ba2 c4 21. h4 Nd7 22.
hxg5 hxg5 23. Nh2 Nf6 24. Nhf3 Nh5 25. Nf1 Rc5 26. N3h2 Nf4 27. Ng4 Nd3 28. Rxd3 cxd3 29. Qxd3 Rd8 30. Qf3 Kf8 31. Nd2 f5 32. Nxe5 Bxe5 33.
Bxe5 Rxe5 34. Qh5 Qg7 35. Nf3 Rxe4 36. Rxe4 Nxe4 37. Ne5 Ke7 0-1

[Event "Late-Titled-Tuesday-Blitz-December-26-2023"]
[Site "Chess.com"]
[Date "2023.12.26"]
[Round "2"]
[White "Alexei_Gubajdullin"]
[Black "GoValya"]
[Result "1-0"]
[WhiteElo "2618"]
[BlackElo "2317"]
[TimeControl "180+1"]
[EndTime "14:17:08 PST"]
[Termination "Alexei_Gubajdullin won on time"]

1. d4 d5 2. Nf3 c6 3. Bf4 g6 4. Nbd2 Bg7 5. e3 Nf6 6. h3 O-O 7. Be2 Nbd7 8. O-O b6 9. c4 Bb7 10. Qa4 dxc4 11. Qxc4 c5 12. dxc5 Nxc5 13. Rfd1 Qc8 14.
Nb3 Ba6 15. Qc2 Bxe2 16. Qxe2 Nxb3 17. axb3 Qe6 18. Qb5 Rfc8 19. Nd4 Qe4 20. Qe5 Qb7 21. Qb5 Rc5 22. Qe2 e5 23. b4 Rd5 24. Bxe5 Rxe5 25.
b5 Ne4 26. Nc6 Re6 27. Qc4 Rc8 28. Rac1 Nc5 29. b4 Re4 30. Qc2 Rxb4 31. Nxb4 h5 32. Nd3 Bf8 33. Nxc5 Rxc5 34. Qd3 Rxc1 35. Rxc1 Qe7 36.
Rc6 Qb4 37. g3 1-0

[Event "Late-Titled-Tuesday-Blitz-December-26-2023"]
[Site "Chess.com"]
[Date "2023.12.26"]
[Round "2"]
[White "grandemestregringo"]
[Black "Sacbutt"]
[Result "1-0"]
[WhiteElo "2670"]
[BlackElo "2352"]
[TimeControl "180+1"]
[EndTime "14:17:10 PST"]
[Termination "grandemestregringo won on time"]

1. f4 e5 2. fxe5 d6 3. exd6 Bxd6 4. Nf3 Bg4 5. e3 Nf6 6. Nc3 Nc6 7. Bb5 Bd7 8. O-O Qe7 9. d4 O-O-O 10. Bd3 a6 11. e4 Bg4 12. Be3 Bb4 13. a3 Ba5 14. e5 Bxc3 15. bxc3 Nd5 16. Bd2 f6 17. h3 Bh5 18. Qe1 Bxf3 19. Rxf3 fxe5 20. c4 Nf4 21. d5 Nxd3 22. cxd3 Nd4 23. Re3 Nc2 24. Rxe5 Qc5+ 25. Be3 Qd6 26. Qc3 Nxa1 27. Qxa1 Rhe8 28. Bf4 Rxe5 29. Bxe5 Qc5+ 30. Kh2 g6 31. Qc3 Qe3 32. Bg3 b6 33. Qf6 Qxd3 34. Qc6 1-0

[Event "Late-Titled-Tuesday-Blitz-December-26-2023"]
[Site "Chess.com"]
[Date "2023.12.26"]
[Round "2"]
[White "DCacheiro"]
[Black "TheSilmarils"]
[Result "0-1"]
[WhiteElo "2541"]
[BlackElo "2847"]
[TimeControl "180+1"]
[EndTime "14:17:11 PST"]
[Termination "TheSilmarils won by resignation"]

1. e4 c6 2. d4 d5 3. e5 Bf5 4. Nc3 e6 5. g4 Bg6 6. Nge2 Nd7 7. h4 h5 8. Nf4 Ne7 9. Be3 hxg4 10. Nxg6 Nxg6 11. h5 c5 12. Qxg4 cxd4 13. hxg6 Rxh1 14. gxf7+ Kxf7 15. Qf3+ Kg8 16. Qxh1 dxe3 17. O-O-O exf2 18. Nxd5 Nxe5 19. Bh3 exd5 20. Be6+ Nf7 21. Bxd5 Qf6 22. Bc4 Re8 23. Rf1 Re1+ 24. Rxe1 fxe1=Q+ 25. Qxe1 Qf4+ 0-1

[Event "Late-Titled-Tuesday-Blitz-December-26-2023"]
[Site "Chess.com"]
[Date "2023.12.26"]
[Round "2"]
[White "Maitreia"]
[Black "GiorgianBarbosa"]
[Result "1-0"]
[WhiteElo "2715"]
[BlackElo "2511"]
[TimeControl "180+1"]
[EndTime "14:17:11 PST"]
[Termination "Maitreia won by resignation"]

1. c4 Nf6 2. g3 e6 3. Bg2 d5 4.
Nf3 Be7 5. b3 O-O 6. Bb2 c5 7.
e3 Nc6 8. O-O b6 9. Nc3 Bb7 10.
cxd5 Nxd5 11. Nxd5 Qxd5 12. d4 Qd7 13. dxc5 Qxd1 14.
Rfxd1 Bxc5 15. Ne5 Rac8 16. Nd7 Rfd8 17. Nxc5 bxc5 18.
Rac1 Na5 19. Rxd8+ Rxd8 20. Bc3 Nc6 21. Be1 g6 22.
Rxc5 Rd1 23. Bxc6 Rxe1+ 24. Kg2 Ba6 25. Bb5 Bb7+ 26. Bc6 Ba6 27. Ra5 Bf1+ 28. Kf3 Rc1 29. Bb7 Rc7 30. Ba6 Bxa6 31. Rxa6 Kg7 32. b4 Rc4 33. b5 Rb4 34. a4 Rb2 35. Rxa7 g5 36.
g4 Kg6 37. h3 h5 38. gxh5+ Kxh5 39. Rxf7 Rb4 40. Ra7 e5 41. Ra6 e4+ 42. Kg3 Rb1 43.
b6 g4 44. hxg4+ Kg5 45. Ra5+ Kg6 46. Rb5 Rg1+ 47. Kh2 Rf1 48. Kg2 Rd1 49. b7 1-0

[Event "Late-Titled-Tuesday-Blitz-December-26-2023"]
[Site "Chess.com"]
[Date "2023.12.26"]
[Round "2"]
[White "Pertinhez76"]
[Black "nickmatta"]
[Result "0-1"]
[WhiteElo "2063"]
[BlackElo "2439"]
[TimeControl "180+1"]
[EndTime "14:17:16 PST"]
[Termination "nickmatta won by resignation"]

1. e4 c5 2. Nf3 Nf6 3. Nc3 d5 4. exd5 Nxd5 5. d4 e6 6. Be2 cxd4 7. Nxd4 Nxc3 8. bxc3 Be7 9. O-O O-O 10. Bd3 Bf6 11.
Be3 Qc7 12. Nb5 Qa5 13. Qh5 g6 14. Qf3 Bg7 15. Bd4 e5 16. Bc5 Re8 17. Bb4 Qb6 18. Nd6 Rf8 19. Bc4 Be6 20. Bxe6 fxe6 21. Qxb7 Nc6 22.
Qd7 Nxb4 23. cxb4 Kh8 24. Nf7+ Kg8 25. Ng5 Rae8 26. c3 h6 27. Ne4 Rd8 28. Qe7 Rf4 29.
Rae1 Rdf8 30. g3 R4f7 31. Qc5 Qb7 32. f3 Rxf3 33. Rxf3 Rxf3 34. Qe7 Qxe7 0-1

[Event "Late-Titled-Tuesday-Blitz-December-26-2023"]
[Site "Chess.com"]
[Date "2023.12.26"]
[Round "2"]
[White "BogdanDeac"]
[Black "FrenchHarvey"]
[Result "1-0"]
[WhiteElo "3022"]
[BlackElo "2622"]
[TimeControl "180+1"]
[EndTime "14:17:19 PST"]
[Termination "BogdanDeac won by resignation"]

1. b3 d5 2. Bb2 Bg4 3. Nf3 Bxf3 4. exf3 e6 5. f4 Nf6 6. g3 g6 7. Bg2 Bg7 8. O-O O-O 9. c4 c6 10. d4 Nbd7 11. Nd2 a5 12. a3 a4 13. b4 Nb6 14. c5 Nbd7 15. Qe2 Ne8 16. Nf3 Nc7 17. h4 Nb5 18. h5 Nf6 19. hxg6 hxg6 20. Ne5 Nd7 21.
Rad1 Nxe5 22. fxe5 f5 23. exf6 Qxf6 24. Bh3 Rae8 25.
Rfe1 Kf7 26. Rd3 Rh8 27. Bg4 Qg5 28. Bc1 Qe7 29. Qf3+ Bf6 30. Rxe6 Qxe6 31. Bxe6+ Rxe6 32. Be3 Re4 33. Qd1 Rhe8 34. Kg2 Kg8 35. Qxa4 Bxd4 36. Bxd4 Nxd4 37. Qa7 R8e7 38. Qb8+ Kg7 39. Rd1 Nf5 40. Rh1 Nh6 41. Qc8 R4e5 42. b5 cxb5 43. c6 bxc6 44. Qxc6 d4 45. Qc8 Rf7 46. Rxh6 Kxh6 47. Qh8+ Kg5 48. Qxe5+ Rf5 49. Qxd4 1-0

[Event "Late-Titled-Tuesday-Blitz-December-26-2023"]
[Site "Chess.com"]
[Date "2023.12.26"]
[Round "2"]
[White "misterlamine"]
[Black "TheMagician"]
[Result "0-1"]
[WhiteElo "2442"]
[BlackElo "2182"]
[TimeControl "180+1"]
[EndTime "14:17:19 PST"]
[Termination "TheMagician won by resignation"]

1. d4 d5 2. c4 c6 3. Nc3 Nf6 4. Nf3 e6 5. cxd5 exd5 6. Bg5 Be7 7. e3 Bf5 8. Be2 Nbd7 9. O-O h6 10. Bh4 O-O 11.
a3 a5 12. Rc1 Re8 13. Bg3 Ne4 14.
Nxe4 Bxe4 15. Nd2 Bf5 16. Nb3 a4 17. Nc5 Nxc5 18. dxc5 Bf6 19. Qd2 Qa5 20. Rfd1 Qxd2 21. Rxd2 g6 22. Bc7 h5 23. h3 d4 24. exd4 Bxd4 25.
Rxd4 Rxe2 26. Rb4 Re7 27. Bd6 Rd7 28. g4 hxg4 29. hxg4 Be6 30. Kg2 b5 31. Re1 Re8 32.
Kg3 Rdd8 33. Rbe4 Bd7 34. Be5 f5 35. gxf5 Bxf5 36. Rh4 Rd5 37. Rh8+ Kf7 38. Rh6 Rexe5 39. Reh1 Rd3+ 40. f3 Ree3 41. Rh7+ Kf6 42. Rf1 Be4 43. Rh4 Rxf3+ 44. Rxf3+ Rxf3+ 45. Kh2 Bd5 46. Rd4 0-1

[Event "Late-Titled-Tuesday-Blitz-December-26-2023"]
[Site "Chess.com"]
[Date "2023.12.26"]
[Round "2"]
[White "Bryanl106"]
[Black "Szparu"]
[Result "0-1"]
[WhiteElo "2566"]
[BlackElo "2894"]
[TimeControl "180+1"]
[EndTime "14:17:21 PST"]
[Termination "Szparu won by checkmate"]

1. e4 e6 2. d4 d5 3. Nd2 Be7 4. Ngf3 Nf6 5. e5 Nfd7 6. c3 c5 7. Bd3 Nc6 8. O-O a5 9. a4 cxd4 10. cxd4 Nb4 11. Bb5 O-O 12. Re1 Nb6 13. b3 Bd7 14.
Bxd7 Qxd7 15. Ba3 Rfc8 16. Bxb4 Bxb4 17. Rc1 Rc6 18. Rxc6 bxc6 19. Qc2 c5 20. dxc5 Rc8 21. Rc1 Rxc5 22. Qb1 Qc6 23. Rxc5 Qxc5 24. g3 Nd7 25. Qd3 Bc3 26. Nc4 Ba1 27. Qd1 dxc4 28. Qxd7 cxb3 29. Qe8+ Qf8 30. Qb5 b2 31. Ne1 h5 32. Nd3 Qa3 33.
Qe8+ Kh7 34. Qxf7 b1=Q+ 35. Kg2 Qbxd3 36. Qxh5+ Kg8 37. Qe8+ Qf8 38. Qxe6+ Qf7 39. Qc8+ Kh7 40. Qh3+ Kg6 41. Qg4+ Kh6 42. Qh4+ Qh5 43. Qf4+ Qg5 44.
Qf8 Qe4+ 45. Kg1 Qc1# 0-1

[Event "Late-Titled-Tuesday-Blitz-December-26-2023"]
[Site "Chess.com"]
[Date "2023.12.26"]
[Round "2"]
[White "Romadk"]
[Black "alvarorodriguezavila"]
[Result "1-0"]
[WhiteElo "2496"]
[BlackElo "2282"]
[TimeControl "180+1"]
[EndTime "14:17:25 PST"]
[Termination "Romadk won on time"]

1. d4 Nf6 2. Nf3 d5 3. g3 e6 4.
Bg2 Be7 5. c4 O-O 6. Nc3 dxc4 7.
Ne5 c5 8. dxc5 Qxd1+ 9. Nxd1 Bxc5 10. Be3 Bb4+ 11. Bd2 Be7 12. Ne3 Nc6 13. Nxc6 bxc6 14.
Bxc6 Rb8 15. Nxc4 Ba6 16. b3 Rfc8 17. Na5 Nd5 18. O-O Bxe2 19. Rfe1 Bf3 20. Rac1 h6 21.
Bd7 Rxc1 22. Rxc1 Nb4 23. a3 Nd5 24. b4 Nb6 25. Bc6 Bxc6 26. Nxc6 Rb7 27. Be3 Nd5 28. Bxa7 Bf6 29. Bd4 Bxd4 30. Nxd4 Ra7 31. Nb5 Ra4 32. h4 Kf8 33. h5 Ke7 34. Rc8 Nf6 35. Rc7+ Kf8 36. Ra7 1-0

[Event "Late-Titled-Tuesday-Blitz-December-26-2023"]
[Site "Chess.com"]
[Date "2023.12.26"]
[Round "2"]
[White "mariofs"]
[Black "ElenGajger"]
[Result "1-0"]
[WhiteElo "2191"]
[BlackElo "2449"]
[TimeControl "180+1"]
[EndTime "14:17:25 PST"]
[Termination "mariofs won on time"]

1. d4 Nf6 2. Nc3 d5 3. Bf4 g6 4. e3 Bg7 5. h4 O-O 6. h5 c5 7. hxg6 hxg6 8. Nf3 Bg4 9. Be2 Nc6 10. dxc5 Qa5 11. Qd2 Qxc5 12. O-O-O Rfd8 13. Nd4 Bxe2 14. Qxe2 Rac8 15. Kb1 a6 16. f3 b5 17. g4 b4 18.
Na4 Qa5 19. b3 Nd7 20. Bh6 Bh8 21. Qh2 Nxd4 22. Bf8 Bf6 23. g5 Rxc2 24. Qh7+ Kxf8 25.
gxf6 exf6 26. exd4 Rf2 27. Rde1 1-0

[Event "Late-Titled-Tuesday-Blitz-December-26-2023"]
[Site "Chess.com"]
[Date "2023.12.26"]
[Round "2"]
[White "MalcolmPein"]
[Black "AljoschaFeuerstack"]
[Result "1/2-1/2"]
[WhiteElo "2373"]
[BlackElo "2666"]
[TimeControl "180+1"]
[EndTime "14:17:29 PST"]
[Termination "Game drawn by agreement"]

1. Nf3 d5 2. c4 c6 3. e3 Nf6 4.
Nc3 g6 5. d4 Bg7 6. Be2 O-O 7.
O-O a6 8. a4 a5 9. cxd5 cxd5 10.
Qb3 Nc6 11. Bd2 Bg4 12. Qxb7 Nb4 13. Nb5 Rb8 14. Qc7 Qxc7 15. Nxc7 Rfc8 16. Na6 Nxa6 17.
Bxa6 Rc2 18. Bxa5 Rcxb2 19. Bb5 Ne4 20. Ne5 Bxe5 21. dxe5 Be2 22. Rfb1 Rxb1+ 23. Rxb1 Nc5 24. Bb4 Nxa4 25. Bxa4 Bd3 26. Rb2 Ra8 27. Bd1 Ra1 28. Rd2 Bc2 29. Bc3 Rxd1+ 30. Rxd1 Bxd1 31. f4 e6 32. Kf2 Bc2 33. g4 Be4 34. g5 Kg7 35.
Bb4 h5 36. h4 Kg8 37. Be7 Kg7 38. Bd6 Kg8 1/2-1/2

[Event "Late-Titled-Tuesday-Blitz-December-26-2023"]
[Site "Chess.com"]
[Date "2023.12.26"]
[Round "2"]
[White "ural58"]
[Black "Charodej1"]
[Result "1-0"]
[WhiteElo "2487"]
[BlackElo "2256"]
[TimeControl "180+1"]
[EndTime "14:17:29 PST"]
[Termination "ural58 won by resignation"]

1. e4 c6 2. Nc3 d5 3. Nf3 dxe4 4. Nxe4 Nd7 5. Qe2 e6 6. d4 Ngf6 7. Bd2 Nxe4 8. Qxe4 Nf6 9. Qd3 Qc7 10. O-O-O Bd6 11. h3 b6 12. g3 Bb7 13. Bg2 O-O-O 14. Rhe1 c5 15. Bc3 c4 16. Qd2 Nd5 17. Kb1 Kb8 18. Nh4 Ka8 19. Bxd5 Bxd5 20. f4 g6 21. Bb4 a5 22. Bxd6 Qxd6 23. Ng2 Rc8 24. Ne3 c3 25.
Qd3 cxb2 26. Qa6+ Kb8 27. Nxd5 exd5 28. Re3 Qc6 29. Rd2 Rhe8 30. Rb3 Re1+ 31. Kxb2 Re6 32. f5 gxf5 33. Qxa5 Kb7 34. Qb4 Qd7 35. Re2 Rec6 36. Re7 Rxc2+ 37. Kb1 Rc1+ 38. Kb2 R1c2+ 39. Ka1 Rc1+ 40. Rb1 Rxb1+ 41. Kxb1 Rc7 42. Rxd7 Rxd7 1-0

[Event "Late-Titled-Tuesday-Blitz-December-26-2023"]
[Site "Chess.com"]
[Date "2023.12.26"]
[Round "2"]
[White "PushingpawnsNYC"]
[Black "fks_stal_mielec"]
[Result "0-1"]
[WhiteElo "2493"]
[BlackElo "2334"]
[TimeControl "180+1"]
[EndTime "14:17:30 PST"]
[Termination "fks_stal_mielec won on time"]

1. e3 c5 2. d4 Nf6 3. Nf3 g6 4. Be2 Bg7 5. O-O cxd4 6. exd4 d5 7. Nbd2 O-O 8. Ne5 Nc6 9. Ndf3 Bf5 10. c3 Rc8 11. Re1 Bg4 12. Bf4 Bxf3 13. Bxf3 e6 14. Qd2 b5 15. Bh6 Nxe5 16. dxe5 Nd7 17. Bxg7 Kxg7 18.
Qd4 a5 19. Bxd5 Nb6 20. Bf3 Qxd4 21. cxd4 Rc2 22. Re2 Rfc8 23. Kf1 Rxe2 24. Bxe2 b4 25. Ke1 Rc2 26. Rb1 Na4 27. Kd1 Rxb2 28. Rxb2 Nxb2+ 29. Kc2 Na4 30. Kb3 Nb6 31. Bb5 f6 32. f4 fxe5 33. fxe5 Kf7 34. Bc6 Ke7 35. g4 g5 36. h3 h6 37. Be4 Kd7 38. Bh7 Kc6 39. Be4+ Kb5 40. Bf3 a4+ 41. Kc2 Kc4 42. Bc6 Kxd4 0-1

[Event "Late-Titled-Tuesday-Blitz-December-26-2023"]
[Site "Chess.com"]
[Date "2023.12.26"]
[Round "2"]
[White "MaestroCheck"]
[Black "artin10862"]
[Result "1/2-1/2"]
[WhiteElo "2580"]
[BlackElo "2900"]
[TimeControl "180+1"]
[EndTime "14:17:32 PST"]
[Termination "Game drawn by repetition"]

1. e4 e5 2. Nf3 Nc6 3. Bc4 Bc5 4. Nc3 d6 5. d3 h6 6. Na4 Bb6 7. O-O Nf6 8. a3 O-O 9. h3 Be6 10. Bxe6 fxe6 11. Nxb6 axb6 12. c3 Qe8 13. b4 Nh5 14.
Kh2 b5 15. Ra2 Kh8 16. Be3 Ne7 17. d4 exd4 18. Nxd4 Rf6 19. g4 Nf4 20. Bxf4 Rxf4 21.
Nxe6 Rxe4 22. Nxc7 Qf7 23. Nxa8 Qxa2 24. Qxd6 Qe2 25. Qd1 Qc4 26. Re1 Nd5 27. Rxe4 Qxe4 28. Qd4 Qf3 29. Qc5 h5 30. Nb6 Qf4+ 31. Kg1 Qc1+ 32.
Kh2 Qf4+ 33. Kg1 Nxb6 34. Qxb6 hxg4 35. hxg4 Qxg4+ 36. Kh2 Qh5+ 37. Kg2 Qd5+ 38. Kh2 Kg8 39. Qe3 Qc6 40. Qd4 Kf7 41. Kg3 Qg6+ 42. Kf4 Qc6 43.
Ke3 Qe6+ 44. Kd3 Qf5+ 45. Ke3 Qe6+ 46. Qe4 Qb6+ 47. Qd4 Qe6+ 1/2-1/2

[Event "Late-Titled-Tuesday-Blitz-December-26-2023"]
[Site "Chess.com"]
[Date "2023.12.26"]
[Round "2"]
[White "PawnStorn"]
[Black "only_strong_moves"]
[Result "1-0"]
[WhiteElo "2359"]
[BlackElo "2498"]
[TimeControl "180+1"]
[EndTime "14:17:33 PST"]
[Termination "PawnStorn won by checkmate"]

1. c4 Nf6 2. Nc3 d5 3. cxd5 Nxd5 4. e4 Nxc3 5. bxc3 e5 6. Bc4 Bc5 7. Nf3 Qe7 8. O-O O-O 9. d4 Rd8 10. Nxe5 Be6 11. Bxe6 Qxe6 12. Qh5 g6 13. Qh4 Be7 14.
Qg3 Bd6 15. f4 Bxe5 16. fxe5 Nd7 17. Bg5 Re8 18. h4 c5 19. h5 cxd4 20. cxd4 Qb6 21. Qf2 Qe6 22. d5 Qxe5 23. Qxf7+ Kh8 24. hxg6 hxg6 25.
Rf3 Qxa1+ 26. Kh2 Qe5+ 27. Bf4 Qh5+ 28. Rh3 Qxh3+ 29. Kxh3 Rxe4 30. Bh6 Rg8 31. Qxd7 Re5 32. Bd2 Rg7 33. Qd8+ Kh7 34. Bc3 Rh5+ 35. Kg3 Rg8 36. Qe7+ Kh6 37. Bd2+ g5 38. d6 Re8 39. Qxe8 Rh3+ 40. gxh3 b5 41. h4 a5 42. Bxg5+ Kg7 43. Qe7+ Kg6 44. Qf6+ Kh5 45. Qh6# 1-0

[Event "Late-Titled-Tuesday-Blitz-December-26-2023"]
[Site "Chess.com"]
[Date "2023.12.26"]
[Round "2"]
[White "johnmez"]
[Black "JuniorJumper"]
[Result "0-1"]
[WhiteElo "2302"]
[BlackElo "2500"]
[TimeControl "180+1"]
[EndTime "14:17:35 PST"]
[Termination "JuniorJumper won by checkmate"]

1. d4 c5 2. d5 g6 3. c4 Bg7 4. e4 d6 5. Nc3 Nf6 6. Nge2 h5 7.
Bg5 a6 8. a4 h4 9. Qd2 Qa5 10.
f3 Nbd7 11. Nc1 Ne5 12. Be2 Qb4 13. b3 Nh7 14. N1a2 Qxb3 15. Rb1 Qa3 16. Bxh4 b5 17.
cxb5 axb5 18. Nxb5 Qxa4 19. Nc7+ Kf8 20. Nxa8 Qxa8 21.
O-O Bd7 22. Nc3 Nf6 23. Bg5 Ne8 24. Rb2 f6 25. Be3 Nc7 26. Rfb1 Kf7 27. h3 g5 28. Rb7 Qa5 29. Qb2 Bc8 30. Rb8 Na6 31. Rb6 Nb4 32. Rb5 Qa7 33. Rxb4 f5 34. Rb8 f4 35. Bd2 c4+ 36.
Kf1 Rxh3 37. gxh3 Bxh3+ 38. Ke1 Qg1+ 39. Bf1 Qxf1# 0-1

[Event "Late-Titled-Tuesday-Blitz-December-26-2023"]
[Site "Chess.com"]
[Date "2023.12.26"]
[Round "2"]
[White "AlexNovitz"]
[Black "rhungaski"]
[Result "0-1"]
[WhiteElo "2212"]
[BlackElo "2485"]
[TimeControl "180+1"]
[EndTime "14:17:35 PST"]
[Termination "rhungaski won on time"]

1. e4 e5 2. Nf3 Nc6 3. Bb5 Nd4 4. Nxd4 exd4 5. O-O Bc5 6. Bd3 d6 7. c3 c6 8. b4 Bb6 9. a4 a6 10. Bb2 dxc3 11.
Nxc3 Qh4 12. Qf3 Nf6 13. Qg3 Qxg3 14. hxg3 h5 15. Be2 Bd4 16. b5 Bg4 17. Bc4 Kd7 18. bxc6+ bxc6 19. a5 h4 20. Kh2 hxg3+ 21. Kxg3 Be6 22.
Bxe6+ Kxe6 23. Rae1 Rab8 24. Ba1 Rb3 25. f4 Kd7 0-1

[Event "Late-Titled-Tuesday-Blitz-December-26-2023"]
[Site "Chess.com"]
[Date "2023.12.26"]
[Round "2"]
[White "TimGrutter03"]
[Black "chegueps"]
[Result "1-0"]
[WhiteElo "2547"]
[BlackElo "2777"]
[TimeControl "180+1"]
[EndTime "14:17:38 PST"]
[Termination "TimGrutter03 won by checkmate"]

1. e4 Nf6 2. e5 Nd5 3. d4 d6 4. Nf3 g6 5. Be2 Bg7 6. O-O O-O 7. b3 dxe5 8. Nxe5 c5 9. Bb2 Nc6 10. Nxc6 bxc6 11. Bf3 Nf4 12. Qd2 Bh6 13. Qc3 Ba6 14. Re1 Bg7 15. Qxc5 Ne6 16. Qxc6 Nxd4 17. Bxd4 Qxd4 18.
c3 Qd3 19. Be2 Qxe2 20. Rxe2 Bxe2 21. Qe4 Bg4 22. Qxg4 Rad8 23. Na3 Bxc3 24. Rd1 h5 25. Qe2 Bf6 26. g3 Kg7 27. Nc4 Rxd1+ 28. Qxd1 e6 29. Qd7 Rd8 30. Qxa7 h4 31. Kg2 g5 32. a4 Rh8 33. gxh4 Rxh4 34. Nd6 Rf4 35. Qxf7+ Kh6 36. Qxe6 Kh5 37. Nf5 Bc3 38. Qh6+ Kg4 39. Ne3# 1-0

[Event "Late-Titled-Tuesday-Blitz-December-26-2023"]
[Site "Chess.com"]
[Date "2023.12.26"]
[Round "2"]
[White "Championnn-9"]
[Black "lucasmito"]
[Result "0-1"]
[WhiteElo "2518"]
[BlackElo "2737"]
[TimeControl "180+1"]
[EndTime "14:17:38 PST"]
[Termination "lucasmito won by checkmate"]

1. Nf3 Nf6 2. g3 d5 3. Bg2 c6 4.
O-O Bg4 5. Ne5 Bf5 6. d3 Nbd7 7. Nxd7 Qxd7 8. Nd2 Bh3 9. e4 h5 10. Nf3 Bxg2 11.
Kxg2 dxe4 12. dxe4 Qxd1 13. Rxd1 Nxe4 14. Bf4 e6 15. Rd4 Nf6 16. b4 a5 17. bxa5 Rxa5 18.
Rb1 b5 19. Ne5 Ra6 20. c4 b4 21. Rbd1 Be7 22. R1d2 h4 23. h3 hxg3 24. fxg3 c5 25. R4d3 O-O 26. Nd7 Nxd7 27. Rxd7 Bf6 28. Rc7 Bd4 29.
Rb7 e5 30. Bg5 f6 31. Bh4 g5 32. Kh2 gxh4 33. gxh4 Kh8 34. Rg2 Rg8 35. Re2 f5 36. h5 f4 37. Re4 Rxa2+ 38. Kh1 Rg1# 0-1

[Event "Late-Titled-Tuesday-Blitz-December-26-2023"]
[Site "Chess.com"]
[Date "2023.12.26"]
[Round "2"]
[White "Cipy77"]
[Black "mbojan"]
[Result "0-1"]
[WhiteElo "2578"]
[BlackElo "2913"]
[TimeControl "180+1"]
[EndTime "14:17:41 PST"]
[Termination "mbojan won by resignation"]

1. Nf3 g6 2. d4 Bg7 3. c4 d6 4. Nc3 e5 5. dxe5 dxe5 6. Qxd8+ Kxd8 7.
Bg5+ f6 8. O-O-O+ Nd7 9. Bh4 g5 10. Bg3 Ne7 11. h4 g4 12. Nd2 Nf5 13. Nde4 h5 14.
e3 c6 15. Bd3 Ke7 16. Bc2 Bh6 17. Kb1 Nf8 18. Bh2 Ng6 19. Ng3 Ngxh4 20. Nxh5 Bg5 21. Ng3 Nxg3 22. Bxg3 Be6 23. Ne4 Nxg2 24. Nxg5 fxg5 25. Bxe5 Rh3 26. Rhg1 Nh4 27. Bd6+ Kf7 28. c5 Nf3 29.
Rg3 Rah8 30. b4 Rh1 31. Kb2 R1h2 32. Rf1 R8h3 33. Rxh3 Rxh3 34. Be4 Kf6 35. Bxf3 gxf3 36. Bg3 Bc4 37. Rd1 Rxg3 38. Rd6+ Ke5 39. Rd4 Ba6 40.
a4 Rg2 41. Rd2 Be2 0-1

[Event "Late-Titled-Tuesday-Blitz-December-26-2023"]
[Site "Chess.com"]
[Date "2023.12.26"]
[Round "2"]
[White "TST2014"]
[Black "yosephtaher"]
[Result "0-1"]
[WhiteElo "2576"]
[BlackElo "2920"]
[TimeControl "180+1"]
[EndTime "14:17:42 PST"]
[Termination "yosephtaher won on time"]

1. d4 Nf6 2. c3 c5 3. Nf3 Qc7 4.
g3 g6 5. Bg2 Bg7 6. O-O d6 7.
Na3 a6 8. Re1 Bf5 9. Nh4 Be4 10.
f3 Bc6 11. e4 O-O 12. d5 Bd7 13. Nc4 b5 14. Ne3 e6 15. dxe6 Bxe6 16. f4 Nc6 17.
Nd5 Bxd5 18. exd5 Ne7 19. f5 Rfe8 20. Bg5 c4 21. Qd4 Qa7 22. Qxa7 Rxa7 23. fxg6 hxg6 24. Re2 Nh7 25. Be3 Raa8 26. Rae1 Bf6 27. Bb6 Rac8 28. Bh3 Ra8 29. Bd7 Reb8 30. Ba5 Bxh4 31. gxh4 Nxd5 32.
Bc6 Nf4 33. Re4 Nd3 34. Bxa8 Nxe1 35. Bc6 Nf3+ 36. Kf2 Ne5 37. Bd5 Nf6 38. Rd4 Nd3+ 39. Kg3 Nxb2 40. Bc7 Rc8 41. Bxd6 Nxd5 42. Rxd5 Rd8 43.
Kf4 Na4 44. Ke5 Nxc3 45. Rc5 Kg7 46. Rc7 a5 47. Be7 Re8 48. Kd6 Nxa2 49. Kd7 Rh8 50. Bg5 Nb4 51. Rb7 c3 52. Rxb5 c2 53. Rc5 Ra8 0-1

[Event "Late-Titled-Tuesday-Blitz-December-26-2023"]
[Site "Chess.com"]
[Date "2023.12.26"]
[Round "2"]
[White "Alexander_Khlebovich"]
[Black "rrgchessmaster05"]
[Result "1-0"]
[WhiteElo "2742"]
[BlackElo "2517"]
[TimeControl "180+1"]
[EndTime "14:17:44 PST"]
[Termination "Alexander_Khlebovich won by checkmate"]

1. d4 Nf6 2. c4 e6 3. Nf3 Bb4+ 4. Bd2 Qe7 5. g3 b6 6. Bg2 Bb7 7. O-O Bxd2 8. Nbxd2 O-O 9. Qc2 c5 10. e4 g6 11. e5 Ne8 12. Ne4 cxd4 13. Nxd4 Nc6 14. Nxc6 dxc6 15. Rad1 c5 16. Nf6+ Nxf6 17. exf6 Qc7 18.
Qd2 Kh8 19. Qd7 Qxd7 20. Rxd7 Bxg2 21. Kxg2 Kg8 22. Rfd1 a6 23. Rc7 Rac8 24. Rxc8 Rxc8 25.
Rd6 Rb8 26. Kf3 Kf8 27. Rd7 h6 28. Ke4 Ke8 29. Re7+ Kf8 30. Ra7 b5 31. b3 bxc4 32. bxc4 g5 33. Rxa6 Kg8 34. Ra7 Rb4 35. Kd3 Rb2 36.
a4 Rxf2 37. a5 Rxf6 38. Rc7 Rf3+ 39. Ke4 Rf2 40. a6 Ra2 41. a7 Kg7 42. Ke5 Kg6 43. Kd6 Kf5 44. Kxc5 f6 45. Kb6 e5 46.
Rc5 Rb2+ 47. Rb5 Ra2 48. Ra5 Rb2+ 49. Kc5 Rd2 50. a8=Q Rd7 51. Qc8 Ke6 52. Ra6+ Ke7 53. Rc6 e4 54. Rc7 Rxc7+ 55. Qxc7+ Ke6 56. Qd6+ Kf5 57.
Qd5+ Kg6 58. Qxe4+ f5 59. Qe6+ Kh5 60. h3 f4 61.
gxf4 Kh4 62. Qg4# 1-0

[Event "Late-Titled-Tuesday-Blitz-December-26-2023"]
[Site "Chess.com"]
[Date "2023.12.26"]
[Round "2"]
[White "Slovafn"]
[Black "TEREZANA"]
[Result "0-1"]
[WhiteElo "2317"]
[BlackElo "2510"]
[TimeControl "180+1"]
[EndTime "14:17:45 PST"]
[Termination "TEREZANA won by resignation"]

1. e4 e5 2. Nf3 Nc6 3. Bb5 Nf6 4. O-O Nxe4 5. d4 Nd6 6. Bxc6 dxc6 7. dxe5 Nf5 8.
Qxd8+ Kxd8 9. Nc3 Ke8 10. b3 Be6 11. Bb2 Rd8 12. Rad1 Be7 13. Rxd8+ Kxd8 14. Rd1+ Kc8 15. Ne4 Bd5 16. Ng3 Nxg3 17. hxg3 Rd8 18. c4 Be4 19. Rxd8+ Kxd8 20. Nd2 Bd3 21. Bd4 Bb4 22. Be3 Bc3 23. c5 Bxe5 24. Nf3 Bf6 25. g4 h6 26. g5 hxg5 27.
Nxg5 Bg6 28. g4 Kd7 29. Nh3 Bb1 30. a3 Bc2 31. b4 Bb2 32. Ng5 Ke7 33. Nf3 Bxa3 34.
Bd2 Bb2 35. Kf1 Bd3+ 36. Kg2 Be4 37. Kg3 Bxf3 38. Kxf3 Bd4 39. Ke2 Ke6 40. f4 Kd5 41. Kd3 b6 42. cxb6 cxb6 43. Be1 c5 44. bxc5 bxc5 45.
Ba5 c4+ 46. Kd2 Ke4 47. Bc7 Be3+ 48. Kc3 Bxf4 0-1